 Dungeon Crawl Stone Soup version 0.18.1-47-g9310371 (webtiles) character file.

363 Vincendra the Cudgeler (level 6, -16/52 HPs)
             Began as a Minotaur Fighter on June 21, 2016.
             Was a Follower of Okawaru.
             Killed by divine providence
             ... invoked by an orc priest
              (17 damage)
             ... on level 6 of the Dungeon.
             The game lasted 00:05:00 (1917 turns).

Vincendra the Cudgeler (Minotaur Fighter)           Turns: 1917, Time: 00:05:01

Health: -16/52     AC:  7    Str: 23    XL:     6   Next: 39%
Magic:  5/5        EV:  7    Int:  5    God:    Okawaru [*.....]
Gold:   114        SH:  9    Dex:  9    Spells: 0 memorised, 5 levels left

rFire  . . .     SeeInvis .     a - +0 flail
rCold  . . .     Gourm    .     b - +0 scale mail
rNeg   . . .     Faith    .     c - +0 shield
rPois  .         Spirit   .     (helmet restricted)
rElec  .         Dismiss  .     (no cloak)
rCorr  .         Reflect  .     (no gloves)
SustAt .         Harm     .     (no boots)
MR     .....                    (no amulet)
Stlth  ..........               (no ring)
                                (no ring)

@: not resistant to hostile enchantments, extremely unstealthy
A: retaliatory headbutt, horns 2
a: Heroism, Renounce Religion


You were on level 6 of the Dungeon.
You worshipped Okawaru.
Okawaru was aware of your devotion.
You were hungry.

You visited 1 branch of the dungeon, and saw 4 of its levels.

You collected 114 gold pieces.

Inventory:

Hand Weapons
 a - a +0 flail (weapon)
Armour
 b - a +0 scale mail (worn)
 c - a +0 shield (worn)
Wands
 u - a wand of flame (23/48)
Scrolls
 e - a scroll of blinking {unknown}
 i - a scroll of identify {unknown}
 k - 2 scrolls of remove curse {unknown}
 p - a scroll of teleportation {unknown}
 r - a scroll of enchant weapon {unknown}
 s - a scroll of immolation {unknown}
Potions
 d - a potion of might
 g - a potion of haste {unknown}
 h - a potion of cancellation {unknown}
 j - a potion of degeneration {unknown}
 l - a potion of lignification {unknown}
 m - a potion of mutation {unknown}
 q - a potion of brilliance {unknown}
 t - a potion of invisibility {unknown}
Comestibles
 f - 2 bread rations
 n - a meat ration
 o - a chunk of flesh


   Skills:
 - Level 3.7 Fighting
 + Level 7.9 Maces & Flails
 - Level 3.8 Armour
 - Level 0.7 Dodging
 - Level 3.9 Shields


You had 5 spell levels left.
You didn't know any spells.

Dungeon Overview and Level Annotations

Branches:
Dungeon (3/15)

Altars:
Cheibriados
Elyvilon
Okawaru
Ru
Xom


Innate Abilities, Weirdness & Mutations

You reflexively headbutt those who attack you in melee.
You have a pair of horns on your head.


Message History

You hit the orc priest but do no damage.
The orc priest hits you but does no damage.
Your shield and scale mail prevent you from hitting the orc priest.
You headbutt the orc priest.
The orc priest is heavily wounded.
The orc priest hits you but does no damage.
You block the orc's attack.
You closely miss the orc priest. You headbutt the orc priest.
The orc priest is almost dead.
The orc priest invokes the aid of Beogh against you.
Beogh smites you!
* * * LOW HITPOINT WARNING * * *
You block the orc's attack. The orc priest hits you.
* * * LOW HITPOINT WARNING * * *
The orc priest casts a cantrip, but nothing happens.
The orc priest casts a cantrip, but nothing happens.
The orc priest calls down the wrath of Beogh upon you.
Beogh smites you!
You die...

###.# .. # #... #... #.
##.######.....
#.#######.........#
#...#?†.......##...#
#....#.......# ##
#...#..##.#Ooo..# #
#.....#.##.#.o...##.#
#.≈≈≈.#.##.#....@...#
#≈...≈#..#.#.....#..#
#≈._.≈#....#...(.##...#
#≈...≈#)##.#.....#
.#...
#.≈≈≈.#....#.....# # ##
#.....#.#####.#### #.##
#. #.. .. #..? ..#


You could see an ogre, 2 orc priests and an orc.

Vanquished Creatures
  The ghost of Sagrath01 the Ruffian, an amateur VSMo of Okawaru (D:3)
  An ice beast (D:3)
  An orc priest (D:6)
  A giant frog skeleton (D:3)
  3 adders
  An ooze (D:2)
  4 worms
  3 dart slugs
  A giant gecko (D:6)
  5 orcs
  4 giant cockroaches
  6 goblins
  7 hobgoblins
  5 jackals
  2 kobolds (D:1)
  7 bats
  3 giant newts
  6 rats
61 creatures vanquished.

Notes
Turn   | Place    | Note
--------------------------------------------------------------
     0 | D:1      | Vincendra the Minotaur Fighter began the quest for the Orb.
     0 | D:1      | Reached XP level 1. HP: 19/19 MP: 0/0
   280 | D:1      | Reached XP level 2. HP: 24/27 MP: 1/1
   435 | D:1      | Reached skill level 3 in Maces & Flails
   613 | D:2      | Found an iron altar of Okawaru.
   619 | D:2      | Reached XP level 3. HP: 33/33 MP: 2/2
   621 | D:2      | Became a worshipper of Warmaster Okawaru
   683 | D:2      | Found a white marble altar of Elyvilon.
   766 | D:2      | Reached skill level 4 in Maces & Flails
   839 | D:2      | Found a shimmering altar of Xom.
  1044 | D:2      | Reached XP level 4. HP: 28/40 MP: 3/3
  1392 | D:3      | Noticed Sagrath01's ghost (amateur VSMo)
  1407 | D:3      | Killed Sagrath01's ghost
  1407 | D:3      | Reached skill level 6 in Maces & Flails
  1407 | D:3      | Reached XP level 5. HP: 24/46 MP: 4/4
  1524 | D:3      | Noticed an ice beast
  1637 | D:3      | Killed an ice beast
  1637 | D:3      | Reached * piety under Okawaru
  1637 | D:3      | Reached skill level 7 in Maces & Flails
  1637 | D:3      | Reached XP level 6. HP: 52/52 MP: 5/5
  1806 | D:3      | Found a snail-covered altar of Cheibriados.
  1857 | D:3      | You fall through a shaft for 3 floors!
  1879 | D:6      | Found a sacrificial altar of Ru.
  1913 | D:6      | HP: 1/52 [orc priest (4)]
  1917 | D:6      | Killed from afar by an orc priest

Skill      XL: |  1  2  3  4  5 |
---------------+----------------+-----
Maces & Flails | 3 4 6 7 |  7.9
Fighting       | |  3.7
Armour         | |  3.8
Dodging        | |  0.7
Shields        | |  3.9

Action                   |  1- 3 |  4- 6 || total
-------------------------+-------+-------++-------
Melee: Flail             |   111 |    76 ||   187
       Headbutt          |    16 |    13 ||    29
  Eat: Chunk             |     1 |     2 ||     3
Armor: Scale mail        |    60 |    32 ||    92
Dodge: Dodged            |    33 |    23 ||    56
Block: Shield            |    71 |    42 ||   113
